 Dungeon Crawl Stone Soup version 0.18.1-6-gd335043 (webtiles) character file.

165 Arantyr the Sneak (level 5, -3/27 HPs)
             Began as a Spriggan Assassin on May 19, 2016.
             Killed by divine providence
             ... invoked by an orc priest
              (15 damage)
             ... on level 3 of the Dungeon.
             The game lasted 00:43:27 (3569 turns).

Arantyr the Sneak (Spriggan Assassin)               Turns: 3569, Time: 00:43:27

Health: -3/27      AC:  3    Str:  7    XL:     5   Next: 22%
Magic:  6/6        EV: 19    Int: 12    God:
Gold:   67         SH:  0    Dex: 19    Spells: 0 memorised, 4 levels left

rFire  . . .     SeeInvis +     p - +1 dagger (drain)
rCold  . . .     Gourm    .     c - +0 robe
rNeg   . . .     Faith    .     (shield restricted)
rPois  .         Spirit   .     (helmet restricted)
rElec  .         Dismiss  .     d - +0 cloak
rCorr  .         Reflect  .     (gloves unavailable)
SustAt .         Harm     .     (boots unavailable)
MR     .....                    (no amulet)
Stlth  +++++.....               (no ring)
                                (no ring)

@: very quick, not resistant to hostile enchantments, quite stealthy
A: unfitting armour, see invisible, herbivore 3, speed 3, slow metabolism 2
a: no special abilities


You were on level 3 of the Dungeon.
You were not hungry.

You visited 1 branch of the dungeon, and saw 4 of its levels.

You collected 67 gold pieces.

Inventory:

Hand Weapons
 a - a +2 dagger
 b - a +0 blowgun
 j - a +0 spear
 p - a +1 dagger of draining (weapon)
 q - a +0 hunting sling
 x - a +1 dagger of electrocution
Missiles
 e - 10 poisoned needles
 f - 8 curare-tipped needles
 r - 7 tomahawks (quivered)
 u - 5 stones
Armour
 c - a +0 robe (worn)
 d - a +0 cloak (worn)
Wands
 v - a wand of slowing (30/48)
Scrolls
 h - a scroll of enchant weapon {unknown}
 m - a scroll of immolation {unknown}
 o - 2 scrolls of identify {unknown}
 s - a scroll of blinking {unknown}
 w - a scroll of enchant armour {unknown}
Potions
 i - 4 potions of flight {unknown}
 l - a potion of degeneration {unknown}
 n - 2 potions of might {unknown}
 t - a potion of heal wounds {unknown}
Comestibles
 g - 4 bread rations


   Skills:
 + Level 2.6 Fighting
 + Level 2.8 Short Blades
 - Level 2.0 Throwing
 + Level 3.4 Dodging
 * Level 7.9 Stealth


You had 4 spell levels left.
You didn't know any spells.

Dungeon Overview and Level Annotations

Branches:
Dungeon (4/15)
 Temple: D:4-7

Altars:

Annotations:
D:3 imganon's ghost, amateur DsWz


Innate Abilities, Weirdness & Mutations

You are tiny and cannot use many weapons and most armour.
You have supernaturally acute eyesight.
You are a herbivore.
You cover ground extremely quickly.
You need consume almost no food.


Message History

The orc is heavily wounded.
The orc hits you but does no damage.
You hit the orc. You drain the orc!
You kill the orc!
You hit the orc priest but do no damage.
You hit the orc priest but do no damage.
You drain the orc priest!
The orc priest is moderately wounded.
The orc priest mumbles some strange prayers to Beogh against you.
Pain shoots through your body!
You barely miss the orc priest.
The orc priest is moderately wounded.
The orc priest calls down the wrath of Beogh upon you.
Beogh smites you!
You hit the orc priest.
The orc priest is moderately wounded.
The orc priest calls down the wrath of Beogh upon you.
Beogh smites you!
Ouch! That really hurt!
You die...

.#.# .## ..#
#.# #.# #.#
#!# #.# #o#
#.# #o# #.#
#o# #.# #@#
#.# ### #.#
#.###.####.#
#....#.....#
###.###.####
##.## ##.##
#.## ##.#
##.## ##.##
##.###.##


You could see an orc priest and 2 orcs.

Vanquished Creatures
  A gnoll (D:2)
  8 adders
  2 dart slugs (D:1)
  A giant gecko (D:1)
  6 orcs (D:3)
  A ball python (D:4)
  4 giant cockroaches
  8 goblins
  6 hobgoblins
  5 jackals
  2 quokkas (D:2)
  6 bats
  A giant gecko skeleton (D:4)
  2 giant newts
  9 kobolds
  15 rats
77 creatures vanquished.

Notes
Turn   | Place    | Note
--------------------------------------------------------------
     0 | D:1      | Arantyr the Spriggan Assassin began the quest for the Orb.
     0 | D:1      | Reached XP level 1. HP: 10/10 MP: 2/2
    14 | D:1      | Reached skill level 6 in Stealth
   172 | D:1      | Reached XP level 2. HP: 14/14 MP: 3/3
   875 | D:1      | Reached skill level 7 in Stealth
  1388 | D:2      | You fall through a shaft!
  1392 | D:3      | Reached XP level 3. HP: 18/18 MP: 4/4
  1995 | D:2      | Reached XP level 4. HP: 19/23 MP: 5/5
  2944 | D:3      | Noticed imganon's ghost (amateur DsWz)
  3048 | D:4      | Reached XP level 5. HP: 7/27 MP: 6/6
  3569 | D:3      | Killed from afar by an orc priest

Skill      XL: |  1  2  3  4 |
---------------+-------------+-----
Stealth        | 6 7 |  7.9
Dodging        | 2 3 |  3.4
Fighting       | 2 |  2.6
Short Blades   | |  2.8
Throwing       | |  2.0

Action                   |  1- 3 |  4- 6 || total
-------------------------+-------+-------++-------
Melee: Dagger            |    90 |    66 ||   156
 Fire: Blowgun           |       |    10 ||    10
       Hunting sling     |       |     4 ||     4
Throw: Tomahawk          |     6 |    23 ||    29
       Stone             |       |     5 ||     5
  Use: Scroll            |       |     2 ||     2
 Stab: Sleeping          |    22 |    12 ||    34
       Distracted        |       |     1 ||     1
Armor: Robe              |    10 |     3 ||    13
Dodge: Dodged            |    43 |    32 ||    75
